 Dungeon Crawl Stone Soup version 0.31-a0-667-g39726597b9 (webtiles) character file.

Game seed: 4928535815465816500

22 Bravepunisher the Ducker (level 2, -2/16 HPs)
             Began as a Spriggan Monk on Sept 3, 2023.
             Slain by a white imp (5 damage)
             ... on level 4 of the Dungeon.
             The game lasted 00:04:16 (748 turns).

Bravepunisher the Ducker (Spriggan Monk)             Turns: 748, Time: 00:04:17

Health: -2/16      AC:  2    Str:  7    XL:     2   Next: 68%
Magic:  3/3        EV: 19    Int: 11    God:
Gold:   62         SH:  0    Dex: 17    Spells: 1/1 levels left

rFire   . . .        a - +0 short sword
rCold   . . .        d - orb {light}
rNeg    . . .        b - +0 robe
rPois   .            (helmet restricted)
rElec   .            (no cloak)
rCorr   .            (gloves unavailable)
SInv    +            (boots unavailable)
Will    .....        (no amulet)
Stlth   +            (no ring)
HPRegen 0.22/turn    (no ring)
MPRegen 0.08/turn

%: no passive effects
@: glowing, very quick
A: very small, no large weapons, unfitting armour, see invisible, speed 3
a: no special abilities


You were on level 4 of the Dungeon.
You visited 1 branch of the dungeon, and saw 7 of its levels.

You collected 62 gold pieces.

Inventory:

Hand Weapons
 a - a +0 short sword (weapon)
Armour
 b - a +0 robe (worn)
 d - an orb of light (worn)
Scrolls
 f - a scroll of enchant armour {unknown}
 g - 3 scrolls of identify {unknown}
 h - a scroll of vulnerability {unknown}
 j - a scroll of teleportation {unknown}
 k - a scroll of noise {unknown}
 l - a scroll of revelation {unknown}
Potions
 c - 3 potions of ambrosia
 e - 2 potions of heal wounds {unknown}
 i - a potion of brilliance {unknown}


   Skills:
 + Level 2.7 Fighting
 - Level 3.2 Short Blades
 * Level 5.0 Dodging


You had one spell level left.
You didn't know any spells.
Your spell library was empty.

Dungeon Overview and Level Annotations

Branches:
Dungeon (7/15)
 Temple: D:4-7

Altars:

Shops:
D:2 ?

Annotations:
D:5 Ijyb


Innate Abilities, Weirdness & Mutations

You are very small and have problems with some larger weapons.
You are too small for most types of armour.
You have supernaturally acute eyesight. (SInv)
You cover ground extremely quickly. (Speed+++)


Message History

You open the door.
Found a rapier.
There is an open door here.
A white imp comes into view.
The white imp shouts!
You hear an angry hiss.
You hit the white imp.
The white imp is moderately wounded.
The white imp hits you. The white imp freezes you.
You hit the white imp but do no damage.
The white imp is moderately wounded.
The white imp hits you but does no damage.
You hit the white imp but do no damage.
The white imp is moderately wounded.
You hit the white imp but do no damage.
The white imp is moderately wounded.
The white imp gestures at you. The puff of frost hits you!
* * * LOW HITPOINT WARNING * * *
You hit the white imp but do no damage.
The white imp is moderately wounded.
The white imp completely misses you.
A quokka comes into view.
You hit the white imp but do no damage.
The white imp is moderately wounded.
The white imp hits you but does no damage.
You hit the white imp but do no damage.
The white imp is moderately wounded.
The white imp gestures at you. The puff of frost misses you.
You hit the white imp but do no damage.
The white imp is moderately wounded.
The white imp misses you.
You hit the white imp but do no damage.
The white imp is moderately wounded.
You barely miss the white imp.
The white imp is moderately wounded.
The white imp hits you.
* * * LOW HITPOINT WARNING * * *
The white imp freezes you.
You die...

#.........# #.........#
#.........# #..?......#
#....)....# ##..##
#.........# ....#
#.........# #...#
+.........######...#
#..@......#........#
....r.5.......'........#
..............#........#
..............#.......>#
..............##..##'###
###'#......#####..##..#
..#......+ #....#..# ..
#......# #....+..# ..
##..##..#


You could see a white imp and a quokka.

Vanquished Creatures
  A dart slug (D:4)
  2 bats
  An endoplasm (D:4)
  2 giant cockroaches
  2 hobgoblins (D:2)
  5 jackals
  A quokka (D:3)
  A ball python (D:2)
  A frilled lizard (D:2)
  A goblin (D:4)
17 creatures vanquished.

Notes
Turn   | Place    | Note
-------+----------+-------------------------------------------
     0 | D:1      | Bravepunisher the Spriggan Monk began the quest for the
                  | Orb.
     0 | D:1      | Reached XP level 1. HP: 11/11 MP: 2/2
   130 | D:2      | Found Deliolem's Magic Scroll Shop.
   147 | D:2      | Found a faded altar of an unknown god.
   208 | D:2      | Reached XP level 2. HP: 16/16 MP: 3/3
   452 | D:4      | Reached skill level 5 in Dodging
   506 | D:5      | Entered Level 5 of the Dungeon
   526 | D:5      | Noticed an ogre
   664 | D:7      | Noticed a black bear
   708 | D:5      | Noticed Ijyb
   748 | D:4      | Slain by a white imp

Illustrated notes

Levels and vault maps discovered:
D:1:      nicolae_arrival_somewhat_less_tricky_arrival, layout_rooms,
          amethyst_killhole
D:2:      layout_basic, serial_shops, shop, nicolae_shop_hallway_stairs, shop,
          nicolae_shop_tiny_real_fake_doors, shop_statue,
          shapermc_ecumenical_altar_starsandcircs, basic_altar
D:3:      layout_basic, uniq_crazy_yiuf_cottage
D:4:      layout_gridville, roderic_batcave, uniq_robin
D:5:      layout_rooms, minmay_temple_entry_large_hall,
          kennysheep_cluttered_room, uniq_sigmund, uniq_prince_ribbit1,
          uniq_ijyb, uniq_blork_the_orc
D:6:      layout_basic, cheibrodos_sewer_entry_sluice, kennysheep_small_circle
D:7:      layout_rooms, kennysheep_opposing_triangles

Skill      XL: |  1  2 |
---------------+-------+-----
Dodging        | 5 |  5.0
Fighting       | |  2.7
Short Blades   | |  3.2

Action                     || total
---------------------------++-------
  Melee: Short sword       ||    71
 Armour: Robe              ||    16
  Dodge: Dodged            ||    51

Table legend: (Time is in decaauts)
 A = Elapsed time spent in this place.
 B = Non-inter-level travel time spent in this place.
 C = Inter-level travel time spent in this place.
 D = Time resting spent in this place.
 E = Time spent auto-exploring this place.
 F = Levels seen in this place.
 G = Mean time per level.
                   A        B        C        D        E       F      G
               +--------+--------+--------+--------+--------+-----+--------+
         Total |    512 |    500 |     12 |     68 |    201 |   7 |   73.1 |
       Dungeon |    512 |    500 |     12 |     68 |    201 |   7 |   73.1 |
               +--------+--------+--------+--------+--------+-----+--------+

Top non-repeatable levels by time:
     D:4: 154 daAuts
     D:2: 125 daAuts
     D:3: 70 daAuts
     D:7: 59 daAuts
     D:6: 42 daAuts
     D:1: 30 daAuts
     D:5: 28 daAuts
